 Dungeon Crawl Stone Soup version 0.23.2 (webtiles) character file.

Game seed: 15468750583665733211

1584 whitdemon the Cleaver (level 9, 0/68 HPs)
             Began as a Human Berserker on Apr 11, 2019.
             Was an Elder of Trog.
             Succumbed to a gnoll's poison
             ... on level 6 of the Dungeon on Apr 12, 2019.
             The game lasted 00:54:29 (6129 turns).

whitdemon the Cleaver (Human Berserker)             Turns: 6129, Time: 00:54:29

Health: 0/68       AC: 13    Str: 23    XL:     9   Next: 14%
Magic:  9/9        EV: 12    Int:  8    God:    Trog [****..]
Gold:   170        SH:  0    Dex: 19    Spells: 8/8 levels left

rFire    . . .     SeeInvis .   n - +1 war axe
rCold    . . .     Gourm    .   (no shield)
rNeg     . . .     Faith    .   b - +0 scale mail
rPois    .         Spirit   .   y - +0 helmet
rElec    .         Reflect  .   (no cloak)
rCorr    .         Harm     .   s - +0 pair of gloves
MR       .....                  e - +1 pair of boots
Stlth    +.........             (no amulet)
HPRegen  0.21/turn              h - +1 ring of protection
MPRegen  0.11/turn              a - +4 ring of dexterity

@: mighty, lethally poisoned (0 -> -15)
A: no striking features
a: Berserk, Trog's Hand, Brothers in Arms, Renounce Religion


You were on level 6 of the Dungeon.
You worshipped Trog.
Trog was greatly pleased with you.
You were not hungry.

You visited 1 branch of the dungeon, and saw 6 of its levels.

You collected 170 gold pieces.

Inventory:

Hand Weapons
 l - a +5 flail of holy wrath
 n - a +1 war axe (weapon)
Missiles
 i - 8 tomahawks of returning (quivered)
Armour
 b - a +0 scale mail (worn)
 e - a +1 pair of boots (worn)
 g - a +1 hat
 j - a +0 helmet
 o - a +0 helmet
 s - a +0 pair of gloves (worn)
 y - a +0 helmet (worn)
Jewellery
 a - a +4 ring of dexterity (right hand)
 h - a +1 ring of protection (left hand)
 p - an uncursed ring of ice
 t - a cursed -2 ring of strength {unknown}
 w - an uncursed ring of wizardry {unknown}
Wands
 m - a wand of polymorph (7)
Scrolls
 d - 2 scrolls of teleportation
 k - 2 scrolls of magic mapping
 q - 2 scrolls of blinking
 r - a scroll of identify
Potions
 f - a potion of agility
 v - 3 potions of brilliance
Comestibles
 c - 3 rations


   Skills:
 + Level 5.1 Fighting
 + Level 8.1 Axes
 + Level 5.7 Armour
 + Level 3.5 Dodging
 + Level 1.3 Stealth
 + Level 1.2 Unarmed Combat


You had 8 spell levels left.
You didn't know any spells.
Your spell library was empty.

Dungeon Overview and Level Annotations

Branches:
Dungeon (6/15)
 Temple: D:4-7

Altars:
Ashenzari
Dithmenos
Gozag
Uskayaw
Wu Jian
The Shining One
Beogh

Shops:
D:6 %

Annotations:
D:3 3 runed translucent doors, grocchini's ghost, amateur MiGl
D:4 Menkaure


Message History

You feel sick. The gnoll hits you but does no damage.
You are more poisoned.
You hit the gnoll but do no damage.
* * * LOW HITPOINT WARNING * * *
You feel sick. The gnoll barely misses you.
As you read the scroll of teleportation, it crumbles to dust.
You feel strangely unstable.
* * * LOW HITPOINT WARNING * * *
You feel sick. The gnoll barely misses you.
* * * LOW HITPOINT WARNING * * *
You feel sick. The gnoll closely misses you.
You see here 15 gold pieces.
* * * LOW HITPOINT WARNING * * *
You feel sick.
* * * LOW HITPOINT WARNING * * *
You feel sick.
It was a potion of might.
You feel very mighty all of a sudden.
Your surroundings suddenly seem different.
You die...

#.#####...########.... ####
######.# ##.## ##... ...#
#......# #.# ##.# ##.# #.####.#
#.# ######.# .#.# #.# #.# ##+##
#....... .#.# #.####.# ##...##
#.####.# .#.# #......# ##.....##
#.####.# ...#
#...##.###.......###.##.#.#
#..####....#.##.@.......##.#....#
..............+.........[...>...#
#.####.#....###...(.....##.#.....
#.# #.#..#.# ##.......###.##..#_
#.# #.#..#.# ##.....## #.......
..# #.##.#.# ##...## #######. ###
#.##.#.# ##'## #. #.##.#.# #.# #.
#......# #.# #.


There were no monsters in sight!

Vanquished Creatures
  Edmund (D:5)
  Duvessa (D:4)
  2 ogres (D:4)
  A phantom (D:6)
  A sky beast (D:6)
  3 centaurs
  A gnoll sergeant (D:6)
  Dowan (D:4)
  A howler monkey (D:5)
  A crimson imp (D:6)
  A hound (D:4)
  4 orc priests
  A jelly (D:5)
  An orc wizard (D:6)
  An iguana (D:4)
  4 worker ants
  8 gnolls (D:6)
  5 adders
  A howler monkey skeleton (D:5)
  A shadow imp (D:6)
  3 oozes
  3 worms
  2 dart slugs
  7 leopard geckos
  18 orcs
  5 giant cockroaches
  6 goblins
  9 hobgoblins
  7 kobolds
  4 quokkas
  A ball python (D:2)
  2 bats (D:3)
  9 frilled lizards
  2 jackal skeletons (D:4)
  9 rats
127 creatures vanquished.

Notes
Turn   | Place    | Note
-------+----------+-------------------------------------------
     0 | D:1      | whitdemon the Human Berserker began the quest for the Orb.
     0 | D:1      | Reached XP level 1. HP: 18/18 MP: 1/1
   144 | D:1      | Found a shattered altar of Ashenzari.
   219 | D:1      | Reached XP level 2. HP: 23/24 MP: 2/2
   634 | D:1      | Reached XP level 3. HP: 28/29 MP: 3/3
  1238 | D:2      | Reached XP level 4. HP: 32/35 MP: 4/4
  1331 | D:2      | Found a shadowy altar of Dithmenos.
  1834 | D:2      | Reached skill level 4 in Axes
  2067 | D:2      | Reached ** piety under Trog
  2465 | D:3      | Found a hide-covered altar of Uskayaw.
  2465 | D:3      | Noticed a +0 dagger
  2465 | D:3      | Noticed a +0 dagger
  2872 | D:3      | Reached XP level 5. HP: 42/42 MP: 5/5
  3046 | D:3      | Found a runed translucent gate.
  3046 | D:3      | Noticed grocchini's ghost (amateur MiGl)
  3090 | D:3      | Found a runed translucent gate.
  3096 | D:3      | Found a runed translucent gate.
  3097 | D:3      | Found a roughly hewn altar of Beogh.
  3098 | D:3      | Identified the +7 dagger of Egen {flame, Str+3 Int-2 SInv}
  3704 | D:4      | Reached XP level 6. HP: 42/48 MP: 6/6
  3783 | D:4      | Found the +4 skin of Zhor {Hibernate rC+++ SInv}
  3823 | D:4      | Reached skill level 5 in Axes
  3874 | D:4      | Found a glowing golden altar of the Shining One.
  3891 | D:4      | Noticed an ogre
  3899 | D:4      | Killed an ogre
  3899 | D:4      | Reached skill level 1 in Unarmed Combat
  4058 | D:4      | Noticed an ogre
  4062 | D:4      | Noticed Dowan
  4063 | D:4      | Noticed Menkaure
  4065 | D:4      | Noticed Duvessa
  4071 | D:4      | Killed an ogre
  4071 | D:4      | Reached XP level 7. HP: 45/54 MP: 7/7
  4128 | D:4      | Reached *** piety under Trog
  4213 | D:4      | Killed Duvessa
  4213 | D:4      | Reached skill level 6 in Axes
  4233 | D:4      | Killed Dowan
  4489 | D:5      | Entered Level 5 of the Dungeon
  4504 | D:5      | Reached XP level 8. HP: 54/61 MP: 8/8
  4518 | D:5      | Noticed Edmund
  4530 | D:5      | Killed Edmund
  4700 | D:5      | Reached skill level 7 in Axes
  5007 | D:5      | Reached skill level 1 in Stealth
  5355 | D:6      | Reached skill level 5 in Armour
  5579 | D:6      | Found an ornate altar of the Wu Jian Council.
  5767 | D:6      | Reached XP level 9. HP: 50/67 MP: 9/9
  5882 | D:6      | Reached **** piety under Trog
  5973 | D:6      | Found Cifeuf Jepn's Food Emporium.
  6044 | D:6      | Found an opulent altar of Gozag.
  6106 | D:6      | Reached skill level 8 in Axes
  6109 | D:6      | Reached skill level 5 in Fighting
  6127 | D:6      | HP: 3/68 [poisoned by a gnoll]
  6128 | D:6      | HP: 1/68 [poisoned by a gnoll]
  6129 | D:6      | Succumbed to a gnoll's poison

Skill      XL: |  1  2  3  4  5  6  7  8  9 |
---------------+----------------------------+-----
Axes           | 4 5 6 7 8 |  8.1
Fighting       | 4 5 |  5.1
Unarmed Combat | 1 |  1.2
Armour         | 3 4 5 |  5.7
Dodging        | 3 |  3.5
Stealth        | 1 |  1.3

Action                   |  1- 3 |  4- 6 |  7- 9 || total
-------------------------+-------+-------+-------++-------
Melee: Hand axe          |    86 |    45 |       ||   131
       War axe           |       |    87 |   176 ||   263
       Unarmed           |       |    20 |       ||    20
       Punch             |       |       |     1 ||     1
  Use: Scroll            |       |     7 |     4 ||    11
       Potion            |       |     6 |     4 ||    10
 Stab: Confused          |       |     1 |       ||     1
  Eat: Ration            |       |     3 |     2 ||     5
Armor: Animal skin       |    25 |       |       ||    25
       Leather armour    |       |    22 |       ||    22
       Scale mail        |       |    10 |    84 ||    94
       Skin              |       |     4 |       ||     4
Dodge: Dodged            |    58 |    95 |   100 ||   253
